 Dungeon Crawl Stone Soup version 0.20.0-7-g3b7b877 (webtiles) character file.

548 rutigerpupkin the Covered (level 7, -1/44 HPs)
             Began as a Gargoyle Fighter on May 29, 2017.
             Slain by a killer bee (6 damage)
             ... on level 4 of the Dungeon.
             The game lasted 00:13:33 (4344 turns).

rutigerpupkin the Covered (Gargoyle Fighter)        Turns: 4344, Time: 00:13:33

Health: -1/44      AC: 17    Str: 19    XL:     7   Next: 28%
Magic:  7/7        EV:  7    Int:  9    God:
Gold:   57         SH:  9    Dex: 11    Spells: 6/6 levels left

rFire    . . .     SeeInvis .   v - -1 trident (curse)
rCold    + . .     Gourm    .   c - +0 shield
rNeg     + . .     Faith    .   b - +0 scale mail
rPois    ∞         Spirit   .   l - +1 helmet
rElec    +         Reflect  .   p - +0 cloak
rCorr    .         Harm     .   (no gloves)
MR       .....                  g - +0 pair of boots
Stlth    ..........             (no amulet)
Regen    0.2/turn               j - ring of protection from cold
MPRegen  0.1/turn               s - ring of wizardry

@: no status effects
A: negative energy resistance 1, electricity resistance, unbreathing,
petrification resistance, rot immunity, AC +4
a: no special abilities


You were on level 4 of the Dungeon.
You were hungry.

You visited 1 branch of the dungeon, and saw 4 of its levels.

You collected 57 gold pieces.

Inventory:

Hand Weapons
 a - a +0 flail
 o - a cursed -2 hand axe
 u - a +2 whip of electrocution
 v - a cursed -1 trident (weapon)
Armour
 b - a +0 scale mail (worn)
 c - a +0 shield (worn)
 g - a +0 pair of boots (worn)
 l - a +1 helmet (worn)
 p - a +0 cloak (worn)
Jewellery
 j - a ring of protection from cold (left hand)
 s - a ring of wizardry (right hand)
Wands
 m - a wand of lightning (6/15)
 r - a wand of digging (6/24)
Scrolls
 w - a scroll of teleportation
Potions
 e - a potion of curing {unknown}
 i - a potion of experience {unknown}
 n - a potion of resistance {unknown}
 t - a potion of magic {unknown}
Comestibles
 d - a chunk of flesh
 f - 2 bread rations
 h - 4 meat rations


   Skills:
 + Level 5.2 Fighting
 + Level 4.1 Maces & Flails
 + Level 5.4 Armour
 + Level 5.1 Shields


You had 6 spell levels left.
You didn't know any spells.

Dungeon Overview and Level Annotations

Branches:
Dungeon (4/15)
 Temple: D:4-7

Altars:
Gozag
Kikubaaqudgha
Nemelex Xobeh
Trog
Uskayaw
The Shining One


Innate Abilities, Weirdness & Mutations

You are resistant to torment.
Your stone body is resilient. (AC +4)
You are immune to poison.
You resist negative energy. (rN+)
You are resistant to electric shocks. (rElec)
You can survive without breathing.
You are immune to petrification.
You are immune to rotting.


Message History

You hear a mighty clap of thunder!
The bolt of lightning hits the killer bee.
The killer bee is heavily wounded.
Evoking this partially-identified wand wasted a few charges.
You hear an angry buzzing noise.
You hear a shout! x2
You hear an angry buzzing noise.
You hear a shout!
You block the killer bee's attack. The killer bee completely misses you.
You miss the killer bee.
The killer bee is heavily wounded.
The killer bee stings you but does no damage.
The killer bee closely misses you.
You miss the killer bee.
The killer bee is heavily wounded.
You block the killer bee's attack. The killer bee stings you.
* * * LOW HITPOINT WARNING * * *
The killer bee stings you but does no damage.
You closely miss the killer bee.
The killer bee is heavily wounded.
The killer bee barely misses you. The killer bee stings you.
You die...

#<# #.# .## #.....# #.#.
...# #.###.#
...######..... #.#
#$........... #.#
............ #.. ##
#.#........ ###
#.###.........
.###########.#.#........
....$..@y...."........#.
#############.###....<..
#.....#.#.#. #####.###.#
#.....# #######


You could see a killer bee.

Vanquished Creatures
  2 killer bees
  3 orc priests (D:3)
  A hound (D:3)
  Ijyb (D:3)
  Natasha (thrice) (D:3)
  3 orc wizards (D:3)
  Robin (D:2)
  4 adders
  2 leopard geckos
  17 orcs
  2 giant cockroaches
  20 goblins
  7 hobgoblins
  11 jackals
  5 kobolds
  3 quokkas
  4 bats
  4 frilled lizards
  7 rats
  A plant (D:2)
101 creatures vanquished.

Notes
Turn   | Place    | Note
-------+----------+-------------------------------------------
     0 | D:1      | rutigerpupkin the Gargoyle Fighter began the quest for the Orb.
     0 | D:1      | Reached XP level 1. HP: 14/14 MP: 1/1
   191 | D:1      | Reached XP level 2. HP: 19/19 MP: 2/2
   705 | D:2      | Found a hide-covered altar of Uskayaw.
   729 | D:2      | Reached XP level 3. HP: 11/23 MP: 3/3
  1212 | D:2      | Reached XP level 4. HP: 26/29 MP: 4/4
  1377 | D:2      | Found a bloodstained altar of Trog.
  1381 | D:2      | Found an opulent altar of Gozag.
  1415 | D:2      | Noticed Robin
  1440 | D:2      | Killed Robin
  1906 | D:3      | Noticed Natasha
  1914 | D:3      | Killed Natasha
  1965 | D:3      | Reached XP level 5. HP: 31/33 MP: 5/5
  2009 | D:3      | Found an ancient bone altar of Kikubaaqudgha.
  2037 | D:3      | Found a sparkling altar of Nemelex Xobeh.
  2046 | D:3      | Noticed Natasha
  2063 | D:3      | Killed Natasha
  2100 | D:3      | Noticed Natasha
  2117 | D:3      | Killed Natasha
  2592 | D:3      | Reached XP level 6. HP: 9/39 MP: 6/6
  3029 | D:3      | Found a glowing golden altar of the Shining One.
  3191 | D:3      | Noticed Ijyb
  3204 | D:3      | Killed Ijyb
  3541 | D:3      | Reached skill level 5 in Armour
  3976 | D:3      | Reached skill level 5 in Fighting
  3976 | D:3      | Reached skill level 5 in Shields
  3976 | D:3      | Reached XP level 7. HP: 7/44 MP: 7/7
  4344 | D:4      | Slain by a killer bee

Skill      XL: |  1  2  3  4  5  6 |
---------------+-------------------+-----
Armour         | 4 5 |  5.4
Fighting       | 4 5 |  5.2
Maces & Flails | 3 4 |  4.1
Shields        | 4 5 |  5.1

Action                   |  1- 3 |  4- 6 |  7- 9 || total
-------------------------+-------+-------+-------++-------
Melee: Flail             |   164 |   159 |       ||   323
       Trident           |       |   173 |    70 ||   243
Evoke: Wand              |       |       |     1 ||     1
  Use: Potion            |       |     2 |       ||     2
       Scroll            |       |     6 |       ||     6
  Eat: Chunk             |     1 |    10 |     1 ||    12
Armor: Scale mail        |    80 |   201 |    50 ||   331
Dodge: Dodged            |    50 |   124 |    29 ||   203
Block: Shield            |    75 |   174 |    59 ||   308
